 Dungeon Crawl Stone Soup version 0.28-a0-779-g3d1f99b579 (webtiles) character file.

Game seed: 10449392338939117084

4 gimp the Skirmisher (level 1, 0/18 HPs)
             Began as a Demonspawn Cinder Acolyte on Nov 3, 2021.
             Was a High Priest of Ignis.
             Frozen to death by an endoplasm (2 damage)
             ... on level 1 of the Dungeon.
             The game lasted 00:00:18 (195 turns).

gimp the Skirmisher (Demonspawn Cinder Acolyte)      Turns: 195, Time: 00:00:19

Health: 0/18       AC:  2    Str: 14    XL:     1   Next: 58%
Magic:  2/2        EV: 11    Int: 15    God:    Ignis [*****.]
Gold:   0          SH:  0    Dex:  8    Spells: 2/2 levels left

rFire   + . .      SeeInvis .   a - -1 falchion (flame)
rCold   . . .      Faith    .   (no shield)
rNeg    . . .      Spirit   .   b - +0 robe
rPois   .          Reflect  .   (no helmet)
rElec   .          Harm     .   (no cloak)
rCorr   .          Rampage  .   (no gloves)
Will    .....                   (no boots)
Stlth   +.........              (no amulet)
HPRegen 0.06/turn               (no ring)
MPRegen 0.08/turn               (no ring)

@: no status effects
A: no striking features
a: Renounce Religion, Sea of Fire, Foxfire Swarm, Rising Flame


You were on level 1 of the Dungeon.
You worshipped Ignis.
Ignis was extremely pleased with you.
You visited 1 branch of the dungeon, and saw 1 of its levels.

Inventory:

Hand Weapons
 a - a -1 falchion of flaming (weapon)
Armour
 b - a +0 robe (worn)
Scrolls
 d - a scroll of identify {unknown}
 e - a scroll of magic mapping {unknown}
Potions
 c - a potion of lignification {unknown}


   Skills:
 + Level 3.1 Fighting
 * Level 2.9 Long Blades
 - Level 1.0 Spellcasting
 - Level 2.6 Fire Magic


You had 2 spell levels left.
You didn't know any spells.
Your spell library contained the following spells:

 Spells                   Type           Power      Damage    Failure   Level
 Scorch                   Fire           16%        2d6       12%         2


Dungeon Overview and Level Annotations

Branches:
Dungeon (1/15)

Altars:


Message History

d - a scroll labelled MIEDWOUCZI
e - a scroll labelled BUGOODD UNES A goblin and a hobgoblin come into view.
The goblin shouts!
An endoplasm comes into view.
The hobgoblin moves out of view.
There are monsters nearby!
A quokka comes into view.
Found 13 gold pieces.
Found a stone staircase leading down.
A bat and a rat come into view.
The hobgoblin barely misses you. The goblin hits you with a +0 dagger.
You take 3 damage, and have 15/18 hp.
You miss the goblin. The goblin hits you with a +0 dagger.
The hobgoblin closely misses you.
You take 2 damage, and have 13/18 hp.
The bat hits you but does no damage. The quokka closely misses you.
The bat barely misses you.
You closely miss the quokka. The quokka closely misses you.
You hit the quokka but do no damage. The quokka bites you.
The quokka bites you but does no damage.
You take 1 damage, and have 13/18 hp.
You hit the quokka. You burn the quokka.
The quokka is severely wounded.
The quokka bites you.
You take 5 damage, and have 8/18 hp.
MASSIVE DAMAGE!!
The quokka misses you. The quokka bites you.
You take 2 damage, and have 6/18 hp.
You hit the quokka. You burn the quokka.
You kill the quokka!
The bat hits you but does no damage.
You completely miss the endoplasm. The endoplasm freezes you.
You are frozen.
* * * LOW HITPOINT WARNING * * *
You take 4 damage, and have 2/18 hp.
MASSIVE DAMAGE!!
You hit the endoplasm but do no damage. The endoplasm freezes you.
You are frozen.
You die...

#.########
#.#
####g###
#...g..#
#.#....#
#..r...#
###b...#
#J#### #@#
#.# #.#
#.#
######.#
#......#
#.....##
#.....#
#.....#


You could see an endoplasm, a hobgoblin, a goblin, a bat and a rat.

Vanquished Creatures
  An endoplasm (D:1)
  A kobold (D:1)
  A quokka (D:1)
  A bat (D:1)
4 creatures vanquished.

Notes
Turn   | Place    | Note
-------+----------+-------------------------------------------
     0 | D:1      | gimp the Demonspawn Cinder Acolyte began the quest for the
                  | Orb.
     0 | D:1      | Reached XP level 1. HP: 18/18 MP: 2/2
   195 | D:1      | Frozen to death by an endoplasm

Illustrated notes

Levels and vault maps discovered:
D:1:      lightli_arrival_flooded_house, layout_basic,
          ebering_ecumenical_altar_ruins

Action                   || total
-------------------------++-------
Melee: Falchion          ||    16
Armor: Robe              ||     6
Dodge: Dodged            ||    15

Table legend: (Time is in decaauts)
 A = Elapsed time spent in this place.
 B = Non-inter-level travel time spent in this place.
 C = Inter-level travel time spent in this place.
 D = Time resting spent in this place.
 E = Time spent auto-exploring this place.
 F = Levels seen in this place.
 G = Mean time per level.
                   A        B        C        D        E       F      G
               +--------+--------+--------+--------+--------+-----+--------+
         Total |    198 |    198 |      0 |      0 |    156 |   1 |  198.0 |
       Dungeon |    198 |    198 |      0 |      0 |    156 |   1 |  198.0 |
               +--------+--------+--------+--------+--------+-----+--------+

Top non-repeatable levels by time:
     D:1: 198 daAuts
